Map: Orbital Shipyard

Players

Hindulaatti - Winner!

  • Race: Terran Terran
  • League: Diamond

Savoura

  • Race: Terran Terran
  • League: Diamond

VOD

Have the link to the VOD?

Description

Time

  • Played on: Jan. 26, 2016, 4:30 a.m.
  • Length: 9:14
Show
View Real Time Build Order
Export as new Build Order

Hindulaatti Terran - Winner!

Build Orders: Reaper Expand, MMM Bio 

Get SALT Encoding   

  12  0:00  SCV  
  13  0:13  SCV  
  14  0:17  Supply Depot  
  14  0:25  SCV  
  15  0:39  SCV  
  15  0:40  Barracks  
  16  0:44  Refinery  
  16  0:51  SCV  
  17  1:03  SCV  
  18  1:15  SCV  
  19  1:27  Orbital Command  
  19  1:28  Reaper  
  19  1:30  Supply Depot  
  20  1:48  Command Center  
  20  1:53  SCV  
  21  2:06  SCV, Barracks Reactor  
  22  2:10  Refinery  
  22  2:18  SCV  
  22  2:22  Factory  
  23  2:30  SCV  
  24  2:42  SCV  
  25  2:50  Barracks  
  25  2:54  SCV  
  25  2:56  Marine x2  
  28  3:01  Orbital Command  
  28  3:06  SCV  
  29  3:14  Marine x2  
  29  3:18  SCV  
  32  3:20  Factory  
  32  3:29  Widow Mine  
  32  3:30  SCV  
  35  3:39  Barracks Tech Lab  
  35  3:40  Marine x2  
  37  3:43  SCV  
  37  3:44  Starport  
  38  3:52  SCV  
  38  3:55  SCV  
  40  3:56  Supply Depot, Refinery  
  40  3:58  Supply Depot  
  40  3:59  Marauder, Marine x2  
  44  4:03  Stimpack  
  44  4:06  Widow Mine  
  46  4:18  SCV x2, Hellion  
  46  4:20  Supply Depot  
  50  4:25  Supply Depot  
  50  4:30  Viking  
  52  4:37  SCV  
  52  4:38  SCV  
  54  4:44  Factory Tech Lab  
  54  4:45  Factory Tech Lab  
  54  4:47  Marine  
  54  4:48  Marine  
  56  4:53  SCV x2  
  56  4:55  Refinery  
  58  5:00  Starport Reactor  
  58  5:03  Siege Tank  
  58  5:04  Siege Tank  
  58  5:06  SCV x2  
  66  5:09  Supply Depot  
  66  5:11  Supply Depot  
  66  5:18  SCV x2  
  66  5:19  Marauder, Marine x2  
  72  5:30  SCV x2  
  71  5:36  Siege Tank  
  51  6:08  SCV x2  
  51  6:09  Engineering Bay  
  53  6:11  Viking  
  53  6:12  Medivac  
  53  6:17  Siege Tank x2  
  53  6:18  Marine x2  
  65  6:19  Marauder  
  65  6:20  SCV x2  
  69  6:32  SCV x2  
  71  6:44  SCV  
  71  6:46  Command Center  
  72  6:51  Marine  
  72  6:52  Marauder, Marine  
  76  6:58  Missile Turret  
  77  7:01  SCV x2  
  77  7:07  Missile Turret  
  78  7:10  Medivac  
  78  7:13  Marine  
  83  7:16  Viking  
  83  7:18  SCV x2  
  85  7:23  Marine  
  85  7:26  Combat Shields  
  86  7:30  SCV  
  86  7:31  Marine, SCV  
  86  7:32  Marauder  
  91  7:40  Viking  
  91  7:42  SCV  
  94  7:57  Viking, Marine x2  
  94  7:58  Marauder  
  100  8:09  SCV x2  
  100  8:10  Medivac  
  104  8:15  Marine x2  
  104  8:19  Marauder  
  99  8:33  Marine  
  101  8:34  Orbital Command, SCV x2  
  101  8:35  Marine  
  101  8:41  Marauder  
  105  8:46  Refinery  
  109  8:51  Refinery  
  109  8:54  Supply Depot x2  
  109  8:56  Supply Depot  
Show
View Real Time Build Order
Export as new Build Order

Savoura Terran 

Build Orders: MMM Bio 

Get SALT Encoding   

  12  0:00  SCV  
  13  0:13  SCV  
  14  0:18  Supply Depot  
  14  0:25  SCV  
  15  0:40  SCV  
  15  0:41  Barracks  
  16  0:45  Refinery  
  16  0:52  SCV  
  17  1:05  SCV  
  18  1:17  SCV  
  19  1:28  Marine  
  19  1:29  Orbital Command, Supply Depot  
  20  1:46  Marine  
  21  1:55  SCV  
  21  2:01  Command Center  
  22  2:04  Marine  
  22  2:07  SCV  
  24  2:13  Factory  
  24  2:19  SCV  
  24  2:22  Marine  
  26  2:31  SCV  
  27  2:38  Refinery  
  27  2:40  Marine  
  27  2:43  SCV  
  29  2:55  SCV  
  29  2:56  Factory Tech Lab  
  29  2:57  Marine  
  31  2:58  Supply Depot  
  31  2:59  Engineering Bay  
  31  3:02  Starport  
  31  3:12  SCV  
  32  3:13  Orbital Command  
  32  3:17  Marine  
  33  3:24  SCV  
  34  3:38  Marine  
  34  3:39  SCV, Siege Tank  
  34  3:40  Medivac  
  41  3:45  SCV  
  42  3:51  SCV  
  43  3:56  Marine  
  43  3:57  SCV  
  45  4:03  SCV  
  45  4:06  Supply Depot  
  46  4:11  SCV, Siege Tank  
  46  4:13  Medivac  
  46  4:15  Marine  
  46  4:16  SCV  
  54  4:24  Command Center  
  54  4:27  Missile Turret  
  54  4:28  SCV  
  54  4:31  Missile Turret, SCV  
  56  4:34  Marine  
  57  4:40  SCV  
  58  4:58  Siege Tank  
  62  5:02  Supply Depot  
  62  5:04  Supply Depot  
  62  5:06  Viking  
  64  5:08  Barracks  
  64  5:09  Barracks Tech Lab  
  64  5:10  SCV x2, Barracks  
  65  5:22  SCV  
  65  5:26  SCV  
  65  5:28  Marine  
  68  5:29  Stimpack  
  68  5:34  SCV  
  69  5:38  SCV  
  70  5:46  Marine  
  62  5:56  SCV x2  
  63  6:03  Marine  
  58  6:04  Barracks Reactor  
  58  6:05  Barracks Reactor, Siege Tank  
  58  6:06  Orbital Command  
  58  6:09  SCV x2  
  63  6:11  Refinery  
  63  6:12  Refinery  
  63  6:17  Starport Reactor  
  63  6:18  Barracks  
  63  6:21  Marine, SCV, Barracks  
  63  6:22  SCV  
  66  6:27  Orbital Command  
  66  6:30  Missile Turret x2  
  66  6:33  SCV  
  66  6:39  Marine  
  68  6:40  SCV  
  68  6:41  Missile Turret x2  
  68  6:42  Missile Turret, Marine x3  
  68  6:43  Marine  
  73  6:47  Siege Tank  
  73  6:48  Terran Infantry Weapons Level 1  
  73  6:50  Supply Depot  
  73  6:52  Supply Depot  
  73  6:54  SCV  
  77  6:55  SCV  
  77  6:57  Marine, SCV  
  80  7:02  Marine x3  
  80  7:06  Medivac  
  80  7:08  Medivac  
  87  7:09  Barracks Reactor  
  87  7:12  Barracks Reactor  
  87  7:13  SCV  
  87  7:14  SCV  
  87  7:15  SCV  
  90  7:19  Refinery  
  90  7:21  Refinery  
  90  7:23  Marine x2  
  90  7:25  SCV  
  90  7:26  Marine x2, SCV  
  90  7:27  SCV  
  90  7:28  Siege Tank  
  100  7:36  Missile Turret  
  100  7:37  Marine  
  100  7:38  Medivac  
  100  7:41  Marine x2  
  105  7:44  Marine x2  
  105  7:50  Marine x2  
  105  7:51  Combat Shields, Marine x2  
  111  7:55  Marine  
  111  7:57  Engineering Bay  
  112  7:59  Marine x2  
  112  8:02  Missile Turret, Siege Tank  
  117  8:07  Supply Depot  
  117  8:08  Supply Depot  
  117  8:11  Supply Depot, Marine x3  
  87  8:30  Marine x6  
  87  8:31  Marine  
  87  8:32  Medivac x2  
  96  8:35  SCV x2  
  98  8:45  Armory  
  98  8:47  Marine x2  
  98  8:48  Marine  
  104  8:56  Factory  
Tags
 
Add a new tag
Caveats
  • Supply blocks, unpowered buildings, or Contaminate may cause inaccurate times.
  • Supply counts are checked every 10 seconds.